 Dungeon Crawl Stone Soup version 0.29-a0-338-g1ff7896281 (webtiles) character file.

Game seed: 1113556607157049441

685 zishaf the Vexing (level 7, 0/46 HPs)
             Began as a Vampire Enchanter on Apr 18, 2022.
             Was an Initiate of Wu Jian.
             Slain by a wyvern (24 damage)
             ... on level 5 of the Dungeon.
             The game lasted 00:09:29 (3523 turns).

zishaf the Vexing (Vampire Enchanter)               Turns: 3523, Time: 00:09:29

Health: 0/46       AC:  5    Str:  7    XL:     7   Next: 35%
Magic:  6/11       EV: 14    Int: 20    God:    Wu Jian [......]
Gold:   267        SH:  0    Dex: 16    Spells: 7/12 levels left

rFire   . . .      SeeInvis +   a - +2 dagger
rCold   . . .      Faith    .   (no shield)
rNeg    . . .      Spirit   .   b - +0 robe
rPois   .          Reflect  .   (no helmet)
rElec   .          Harm     .   (no cloak)
rCorr   +          Rampage  +   v - +2 pair of gloves "Qefez" {Rampage Drain Regen+ SInv}
Will    .....      Clarity  +   (no boots)
Stlth   ++++......              (no amulet)
HPRegen 1.15/turn               o - ring of resist corrosion
MPRegen 0.12/turn               (no ring)

@: healing quickly
A: alive, fangs 3, see invisible, vampiric 2, thin skeletal structure 1, clarity
a: Exsanguinate, Renounce Religion


You were on level 5 of the Dungeon.
You worshipped Wu Jian.
Wu Jian was noncommittal.
You visited 2 branches of the dungeon, and saw 6 of its levels.

You collected 357 gold pieces.
You paid 90 gold pieces to Gozag.

Inventory:

Hand Weapons
 a - a +2 dagger (weapon)
Missiles
 j - 10 poisoned darts (quivered)
 s - 2 throwing nets
Armour
 b - a +0 robe (worn)
 m - a +2 pair of gloves
 v - the +2 pair of gloves "Qefez" (worn) {Rampage Drain Regen+ SInv}
   (You found it on level 3 of the Dungeon)

   SInv:      It lets you see invisible.
   Regen:     It increases your rate of health regeneration.
   Drain:     It drains your maximum health when unequipped.
   Rampage:   It bestows one free step when moving towards enemies.
Jewellery
 o - a ring of resist corrosion (left hand)
Wands
 r - a wand of polymorph (10)
Scrolls
 g - 2 scrolls of teleportation
 h - a scroll of noise
 k - a scroll of amnesia {unknown}
 n - a scroll of enchant weapon
 q - a scroll of fear {unknown}
Potions
 c - 2 potions of invisibility
 d - a potion of degeneration {unknown}
 e - a potion of lignification {unknown}
 f - 2 potions of mutation
 i - 2 potions of resistance {unknown}
 l - 3 potions of curing {unknown}
 p - a potion of might {unknown}
 t - 2 potions of heal wounds {unknown}
 u - a potion of cancellation {unknown}


   Skills:
 + Level 4.5 Short Blades
 + Level 5.0 Dodging
 - Level 6.0 Stealth
 - Level 3.0 Spellcasting
 + Level 7.4 Hexes


You had 7 spell levels left.
You knew the following spells:

 Your Spells              Type           Power      Damage    Failure   Level
a - Ensorcelled Hibernat  Hex/Ice        34%        N/A       4%          2
c - Confusing Touch       Hex            32%        N/A       1%          3

Your spell library contained the following spells:

 Spells                   Type           Power      Damage    Failure   Level
 Tukima's Dance           Hex            32%        N/A       1%          3
 Dazzling Flash           Conj/Hex       34%        N/A       10%         3
 Inner Flame              Hex/Fire       17%        N/A       10%         3
 Foxfire                  Conj/Fire      12%        2x1d4     14%         1
 Sting                    Tmut/Pois      12%        1d3       14%         1
 Poisonous Vapours        Pois/Air       6%         N/A       22%         2
 Anguish                  Hex/Necr       8%         N/A       30%         4
 Conjure Flame            Conj/Fire      3%         6-21      38%         3
 Spider Form              Tmut/Pois      3%         N/A       38%         3
 Flame Wave               Conj/Fire      3%         2d4       80%         4
 Olgreb's Toxic Radiance  Pois           3%         N/A       80%         4


Dungeon Overview and Level Annotations

Branches:
Dungeon (5/15)             Temple (1/1) D:4

Altars:
Ashenzari
Cheibriados
Dithmenos
Elyvilon
Fedhas
Gozag
Hepliaklqana
Kikubaaqudgha
Makhleb
Nemelex Xobeh
Qazlal
Ru
Sif Muna
Trog
Uskayaw
Vehumet
Wu Jian
Xom
Yredelemnul
Zin
The Shining One

Shops:
D:3 :

Annotations:
D:4 2 transporters, Paroid's ghost, amateur DsVM


Innate Abilities, Weirdness & Mutations

Your natural rate of healing is accelerated.
You have razor-sharp teeth.
You have supernaturally acute eyesight. (SInv)
You are afflicted with vampirism and can become a bat while bloodless.
You have a somewhat thin skeletal structure. (Dex +2, Stealth+)
You possess an exceptional clarity of mind.


Message History

A wyvern comes into view.
The wyvern hisses angrily.
You rampage towards the wyvern!
You hit the wyvern.
The wyvern is heavily wounded.
The wyvern barely misses you.
You barely miss the wyvern.
The wyvern is heavily wounded.
The wyvern barely misses you.
The wyvern barely misses itself.
The wyvern bites you!
Casting: Confusing Touch (dangerous; 2% risk of failure)
Confirm with . or Enter, or press ? or * to list all spells.
Your hands begin to glow red.
The wyvern bites you but does no damage.
The wyvern bites itself.
You hit the wyvern but do no damage. Your bite misses the wyvern.
The wyvern closely misses you.
The wyvern barely misses itself.
The wyvern bites you but does no damage.
You hit the wyvern but do no damage.
The wyvern appears confused.
The wyvern bites you.
You rampage towards the wyvern!
You hit the wyvern but do no damage. You hit the wyvern.
The wyvern is lightly wounded.
You see here a sky beast corpse.
The wyvern bites the wyvern!
You hit the wyvern. You bite the wyvern.
The wyvern is severely wounded.
The wyvern rages.
The wyvern bites the wyvern!
The wyvern is killed!
The Council accepts your kill.
Your Dodging skill increases to level 5!
You rampage towards the wyvern!
The wyvern closely misses you.
There is a stone staircase leading down, spattered with blood here.
You hit the wyvern.
The wyvern is severely wounded.
You barely miss the wyvern.
The wyvern is heavily wounded.
The wyvern bites you!!
Ouch! That really hurt!
You die...

# ##.## #...#...#
#..##.##...#..>#
#..##.....<#...#
##.######..#...# #.##
#..#...#
#.#####..######.#...####
#.......................#
########..########.#.##.##
'.....).l@†...........# #
##...####.##########.##
#...≈≈≈≈.# .# ......≈.# #
...≈≈≈≈+# ....... .......
....... .......


You could see a wyvern (berserk, incited, confused).

Vanquished Creatures
  A wyvern (D:5)
  An ice beast (D:4)
  A sky beast (D:5)
  A howler monkey (D:4)
  2 hounds
  A gnoll shaman (D:4)
  Ijyb (D:5)
  4 gnolls (D:4)
  8 adders
  A shadow imp (D:5)
  An ufetubus (D:5)
  A worm (D:2)
  3 dart slugs
  3 orcs
  2 endoplasms
  4 giant cockroaches
  2 goblins
  10 hobgoblins
  3 jackals (D:1)
  2 quokkas
  9 ball pythons
  2 frilled lizards (D:1)
  6 kobolds
  4 rats
73 creatures vanquished.

Notes
Turn   | Place    | Note
-------+----------+-------------------------------------------
     0 | D:1      | zishaf the Vampire Enchanter began the quest for the Orb.
     0 | D:1      | Reached XP level 1. HP: 13/13 MP: 3/3
   241 | D:1      | Reached XP level 2. HP: 19/19 MP: 5/5
   252 | D:1      | Learned a level 2 spell: Ensorcelled Hibernation
   544 | D:1      | Found a faded altar of an unknown god.
   913 | D:2      | Reached skill level 5 in Stealth
   913 | D:2      | Reached skill level 5 in Hexes
   913 | D:2      | Gained mutation: You are afflicted with vampirism and can
                  | become a bat while bloodless. [Vampire growth]
   913 | D:2      | Reached XP level 3. HP: 24/24 MP: 1/6
  1376 | D:2      | Reached XP level 4. HP: 30/30 MP: 7/7
  1479 | D:3      | Found Usotraiv's Book Boutique.
  1696 | D:3      | Learned a level 3 spell: Confusing Touch
  1785 | D:3      | Identified the +2 pair of gloves "Qefez" {Rampage Drain
                  | Regen+ SInv}
  2096 | D:4      | Gained mutation: You have a somewhat thin skeletal
                  | structure. (Dex +2, Stealth+) [potion of mutation]
  2096 | D:4      | Gained mutation: You possess an exceptional clarity of
                  | mind. [potion of mutation]
  2104 | D:4      | Reached XP level 5. HP: 35/35 MP: 1/8
  2165 | D:4      | Found a staircase to the Ecumenical Temple.
  2196 | Temple   | Entered the Ecumenical Temple
  2386 | Temple   | Became a worshipper of Gozag Ym Sagoz the Greedy
  2543 | D:4      | Reached skill level 6 in Hexes
  2556 | D:4      | Reached XP level 6. HP: 41/41 MP: 5/9
  2689 | D:4      | Noticed an ice beast
  2759 | Temple   | Fell from the grace of Gozag
  2759 | Temple   | Became a worshipper of the Wu Jian Council
  2819 | D:4      | Killed an ice beast
  3034 | D:4      | Found a transporter.
  3037 | D:4      | Noticed Paroid's ghost (amateur DsVM)
  3038 | D:4      | Found a transporter.
  3257 | D:5      | Entered Level 5 of the Dungeon
  3497 | D:5      | Noticed a sky beast
  3503 | D:5      | Noticed a wyvern
  3503 | D:5      | Noticed Ijyb
  3503 | D:5      | Killed a sky beast
  3504 | D:5      | Reached XP level 7. HP: 46/46 MP: 11/11
  3505 | D:5      | Killed Ijyb
  3506 | D:5      | Reached skill level 7 in Hexes
  3510 | D:5      | Noticed a wyvern
  3520 | D:5      | Killed a wyvern
  3521 | D:5      | Reached skill level 5 in Dodging
  3523 | D:5      | Slain by a wyvern

Illustrated notes

Levels and vault maps discovered:
D:1:      dpeg_arrival_erosion, layout_basic,
          dreamdust_ecumenical_altar_hidden_monk_grotto, minmay_unequal
D:2:      layout_basic
D:3:      layout_basic, serial_shops, nicolae_shop_trees
D:4:      layout_rooms, minmay_temple_entry_junction, gammafunk_ghost_mausoleum,
          kennysheep_boxes
D:5:      cheibrodos_fzero, layout_basic, serial_shops, nicolae_square_shop,
          minmay_misc_feat_iff, st_stairs_11, chequers_serial_rivers_micro_d,
          uniq_ijyb
Temple:   kilobyte_greek_temple

Skill      XL: |  1  2  3  4  5  6  7 |
---------------+----------------------+-----
Stealth        | 5 6 |  6.0
Hexes          | 5 6 7 |  7.4
Short Blades   | 2 3 4 |  4.5
Dodging        | 3 4 5 |  5.0
Spellcasting   | 3 |  3.0

Action                   |  1- 3 |  4- 6 |  7- 9 || total
-------------------------+-------+-------+-------++-------
Melee: Dagger            |    78 |    67 |    14 ||   159
       Bite              |     4 |     4 |     2 ||    10
       Punch             |     1 |     1 |       ||     2
 Cast: Ensorcelled Hiber |    13 |    25 |       ||    38
       Confusing Touch   |       |     4 |     2 ||     6
  Use: Scroll            |       |     7 |       ||     7
       Potion            |       |     1 |       ||     1
 Stab: Sleeping          |    18 |    27 |     1 ||    46
       Distracted        |       |     2 |       ||     2
       Confused          |       |     5 |     1 ||     6
Armor: Robe              |     8 |    27 |     2 ||    37
       Skin              |       |     3 |       ||     3
Dodge: Dodged            |    35 |    84 |     8 ||   127

Table legend: (Time is in decaauts)
 A = Elapsed time spent in this place.
 B = Non-inter-level travel time spent in this place.
 C = Inter-level travel time spent in this place.
 D = Time resting spent in this place.
 E = Time spent auto-exploring this place.
 F = Levels seen in this place.
 G = Mean time per level.
                   A        B        C        D        E       F      G
               +--------+--------+--------+--------+--------+-----+--------+
         Total |   3504 |   3297 |    207 |    101 |   2404 |   6 |  584.0 |
       Dungeon |   3199 |   3097 |    102 |    101 |   2251 |   5 |  639.8 |
        Temple |    305 |    200 |    105 |      0 |    153 |   1 |  305.0 |
               +--------+--------+--------+--------+--------+-----+--------+

Top non-repeatable levels by time:
     D:4: 872 daAuts
     D:1: 796 daAuts
     D:2: 656 daAuts
     D:3: 614 daAuts
  Temple: 305 daAuts
     D:5: 260 daAuts
